Map: Temple gelé

Players

Worming

  • Race: Zerg Zerg
  • League: Diamond

Aranar - Winner!

  • Race: Protoss Protoss
  • League: Diamond

VOD

Have the link to the VOD?

Description

Time

  • Played on: May 3, 2016, 11:44 a.m.
  • Length: 15:16
Show
View Real Time Build Order
Export as new Build Order

Worming Zerg 

Build Orders: Hatch First, Lurkers 

Get SALT Encoding   

  12  0:01  Drone  
  13  0:08  Drone  
  14  0:17  Overlord  
  14  0:28  Extractor  
  14  0:29  Drone  
  15  0:36  Drone x2  
  17  0:55  Hatchery  
  17  0:56  Drone  
  17  0:59  Drone  
  18  1:14  Spawning Pool  
  18  1:16  Drone  
  18  1:20  Extractor  
  18  1:25  Drone  
  19  1:32  Drone  
  19  1:47  Overlord  
  19  1:50  Drone  
  20  2:01  Queen  
  20  2:08  Zergling x4  
  24  2:09  Queen  
  26  2:16  Drone  
  27  2:28  Metabolic Boost  
  27  2:31  Drone x3  
  30  2:44  Drone  
  31  2:54  Drone x3  
  31  2:56  Overlord  
  34  3:10  Roach Warren  
  34  3:12  Drone x3  
  36  3:16  Zergling x2  
  36  3:17  Zergling x4  
  37  3:31  Zergling x6  
  40  3:40  Lair  
  40  3:43  Extractor  
  40  3:44  Evolution Chamber, Extractor  
  40  3:45  Drone x3  
  39  3:54  Hatchery  
  38  3:56  Drone  
  38  3:57  Drone x4  
  43  4:09  Drone  
  44  4:10  Zerg Missile Weapons Level 1  
  43  4:30  Overlord  
  43  4:31  Overlord  
  43  4:38  Glial Reconstitution  
  43  4:48  Queen  
  43  4:55  Roach x7  
  43  4:56  Roach  
  59  5:02  Overlord x3  
  59  5:09  Roach x2  
  63  5:31  Zergling x16  
  71  5:40  Spore Crawler  
  71  5:42  Roach x4  
  78  6:15  Zerg Missile Weapons Level 2  
  78  6:17  Roach x6  
  90  6:19  Overlord x2  
  88  6:31  Ravager x3  
  88  6:32  Ravager  
  89  6:38  Drone x4, Hydralisk Den  
  94  6:40  Roach x2  
  91  7:05  Drone x13  
  104  7:10  Lurker Den  
  103  7:33  Overlord x4  
  102  7:38  Hydralisk  
  101  7:58  Hatchery  
  101  8:05  Overseer x2  
  92  8:09  Hydralisk x8  
  92  8:11  Overlord x2  
  108  8:18  Extractor  
  101  8:37  Lurker x3  
  101  8:41  Zergling x14  
  105  8:46  Extractor  
  110  9:00  Hatchery  
  109  9:06  Overlord  
  109  9:08  Lurker  
  110  9:11  Roach  
  110  9:12  Roach x8  
  110  9:13  Roach x3  
  134  9:17  Drone x3  
  137  9:25  Zergling x2  
  137  9:26  Zergling x2  
  139  9:35  Extractor  
  133  9:52  Lurker x2  
  133  9:53  Lurker x2  
  133  9:55  Hydralisk x2  
  133  9:56  Zergling x12  
  133  9:58  Overlord x3  
  145  10:03  Zergling x2  
  146  10:16  Muscular Augments  
  146  10:19  Drone x3  
  146  10:20  Drone x5  
  154  10:25  Zergling x2  
  154  10:27  Roach  
  156  10:31  Queen x2  
  150  11:13  Roach x10  
  150  11:14  Roach x4  
  148  11:42  Zerg Ground Armor Level 1  
  148  11:45  Zergling x10  
  152  11:52  Zergling x2  
  152  11:53  Zergling x2  
  153  12:00  Overlord  
  153  12:01  Overlord x2  
  114  12:22  Hydralisk x3  
  90  12:23  Hydralisk x2  
  64  12:39  Roach x3  
  70  12:48  Hatchery  
  69  12:54  Hydralisk x2  
  69  12:55  Hydralisk  
  75  13:12  Roach x6  
  86  13:26  Pneumatized Carapace  
  86  13:43  Zergling x2  
  86  13:44  Zergling x2  
  88  13:54  Lurker  
  88  13:55  Lurker  
  90  13:57  Hatchery  
  90  14:01  Zergling x2  
  86  14:24  Drone x4  
  90  14:44  Extractor  
  50  15:03  Overseer  
Show
View Real Time Build Order
Export as new Build Order

Aranar Protoss - Winner!

Build Orders: 1 Gate Expand 

Get SALT Encoding   

  12  0:01  Probe (Chrono Boost)  
  13  0:11  Probe (Chrono Boost)  
  14  0:19  Pylon  
  14  0:22  Probe (Chrono Boost)  
  15  0:37  Probe (Chrono Boost)  
  15  0:41  Gateway  
  16  0:48  Probe (Chrono Boost)  
  17  0:58  Probe (Chrono Boost)  
  18  1:15  Nexus  
  18  1:30  Cybernetics Core  
  18  1:33  Assimilator  
  18  1:34  Assimilator  
  18  1:38  Probe (Chrono Boost)  
  19  1:49  Probe (Chrono Boost)  
  20  1:56  Pylon  
  20  1:59  Probe (Chrono Boost)  
  21  2:06  Adept  
  23  2:14  Warp Gate, Probe (Chrono Boost)  
  24  2:25  Probe (Chrono Boost)  
  24  2:28  Probe (Chrono Boost), Pylon  
  26  2:34  Sentry  
  26  2:35  Probe (Chrono Boost)  
  29  2:39  Probe (Chrono Boost)  
  30  2:46  Probe (Chrono Boost)  
  31  2:52  Probe (Chrono Boost)  
  31  2:56  Probe (Chrono Boost)  
  33  3:02  Probe (Chrono Boost)  
  33  3:03  Pylon  
  34  3:06  Adept  
  34  3:07  Probe (Chrono Boost)  
  37  3:13  Probe (Chrono Boost)  
  37  3:14  Gateway  
  37  3:17  Probe (Chrono Boost)  
  37  3:19  Pylon  
  39  3:33  Gateway, Adept (Chrono Boost)  
  41  3:35  Probe (Chrono Boost)  
  41  3:36  Probe (Chrono Boost)  
  41  3:37  Assimilator  
  41  3:39  Assimilator  
  43  3:44  Probe, Pylon  
  41  3:58  Adept (Chrono Boost)  
  41  3:59  Probe  
  41  4:01  Probe  
  45  4:05  Robotics Facility  
  45  4:09  Probe  
  43  4:13  Mothership Core  
  46  4:19  Pylon  
  46  4:20  Probe  
  47  4:28  Adept x2  
  47  4:30  Probe  
  51  4:34  Probe  
  53  4:41  Probe  
  54  4:46  Probe  
  54  4:51  Probe  
  53  4:54  Nexus  
  53  4:55  Pylon  
  53  4:58  Probe  
  53  4:59  Sentry x3  
  61  5:02  Probe  
  62  5:13  Probe x2  
  62  5:14  Observer, Twilight Council  
  65  5:23  Probe  
  65  5:25  Adept x2  
  70  5:32  Pylon  
  70  5:33  Pylon  
  70  5:35  Pylon  
  70  5:36  Forge  
  70  5:48  Probe  
  70  5:50  Probe, Observer  
  70  5:54  Adept x3  
  79  5:59  Probe  
  79  6:02  Probe  
  81  6:10  Probe  
  81  6:14  Probe  
  81  6:15  Pylon  
  81  6:16  Probe, Stalker x3  
  90  6:20  Probe  
  91  6:28  Immortal (Chrono Boost)  
  95  6:38  Gateway  
  95  6:39  Probe  
  95  6:40  Gateway, Probe  
  95  6:41  Probe  
  95  6:42  Gateway  
  95  6:44  Sentry x3, Pylon  
  104  6:50  Probe  
  104  6:53  Probe  
  106  6:59  Probe  
  107  7:01  Probe  
  107  7:03  Assimilator  
  107  7:05  Assimilator  
  107  7:07  Protoss Ground Weapons Level 1 (Chrono Boost), Blink (Chrono Boost)  
  107  7:08  Immortal (Chrono Boost)  
  112  7:09  Sentry  
  112  7:10  Sentry x2  
  118  7:18  Pylon  
  118  7:31  Gateway x2  
  118  7:34  Stalker x3  
  124  7:38  Stalker x2  
  124  7:42  Immortal (Chrono Boost)  
  126  7:59  Nexus  
  126  8:00  Pylon  
  126  8:03  Stalker x2  
  126  8:04  Stalker  
  132  8:11  Pylon  
  132  8:13  Pylon  
  132  8:16  Probe  
  132  8:18  Probe  
  132  8:20  Gateway x2  
  132  8:25  Stalker x3  
  136  8:31  Immortal  
  140  8:36  Probe x2, Pylon  
  140  8:38  Photon Cannon, Pylon  
  140  8:39  Stalker  
  144  8:45  Photon Cannon  
  144  9:04  Gateway, Protoss Ground Weapons Level 2 (Chrono Boost)  
  144  9:06  Gateway x2  
  144  9:09  Photon Cannon  
  144  9:10  Gateway  
  144  9:13  Templar Archives  
  144  9:15  Warp Prism  
  146  9:25  Assimilator  
  146  9:26  Assimilator  
  146  9:28  Robotics Bay  
  146  9:29  Adept x2  
  149  9:42  Stalker x2  
  149  9:43  Stalker  
  155  9:50  Adept  
  155  9:51  Adept x2, Immortal  
  165  9:55  High Templar  
  165  9:56  High Templar x2  
  171  10:02  Archon  
  171  10:04  Psionic Storm  
  169  10:34  High Templar x3  
  169  10:35  High Templar x4  
  181  10:38  Archon x2  
  181  10:39  Archon x2  
  181  10:42  Warp Prism  
  183  10:58  Dark Shrine  
  174  11:05  Pylon  
  174  11:06  Pylon  
  174  11:10  Nexus, Pylon  
  173  11:11  Pylon  
  173  11:12  Pylon  
  162  11:40  Probe  
  162  11:41  Probe x2  
  162  11:44  Nexus  
  159  11:50  Probe  
  159  11:53  Probe x2, High Templar  
  159  11:54  Photon Cannon, High Templar x2  
  159  11:55  Immortal  
  159  11:56  Photon Cannon  
  162  12:05  Probe  
  138  12:21  Stalker x3  
  138  12:22  Stalker x4  
  103  12:23  Stalker  
  87  12:34  Immortal  
  87  12:39  High Templar x2  
  87  12:41  Probe  
  87  12:42  Probe x2  
  94  12:47  Assimilator  
  94  12:55  Zealot x2  
  94  12:56  Protoss Ground Weapons Level 3 (Chrono Boost), Zealot x3  
  104  13:18  Dark Templar x2  
  108  13:21  Zealot x3  
  108  13:22  Zealot  
  106  13:36  Probe  
  107  13:43  Probe  
  107  13:45  High Templar  
  107  13:46  High Templar x2  
  107  13:47  Probe  
  115  13:52  Observer  
  115  13:53  Probe  
  115  13:57  Probe  
  116  14:04  Probe  
  116  14:07  Assimilator  
  116  14:08  Probe  
  118  14:10  Assimilator  
  118  14:12  Pylon  
  118  14:18  Probe  
  118  14:19  Stalker x4  
  118  14:20  Stalker  
  118  14:21  High Templar  
  131  14:33  Photon Cannon  
  131  14:35  Photon Cannon  
  131  14:38  Adept  
  131  14:39  Zealot  
  131  14:56  Archon  
  108  15:01  Stalker x4  
  108  15:03  High Templar  
Tags
 
Add a new tag
Caveats
  • Supply blocks, unpowered buildings, or Contaminate may cause inaccurate times.
  • Supply counts are checked every 10 seconds.